 Dungeon Crawl Stone Soup version 0.24.0-13-gcf9b319 (webtiles) character file.

Game seed: 15779709314576232053, levelgen mode: deterministic

29668 Fang the Fighter (level 13, -5/130 HPs)
             Began as a Gargoyle Fighter on Dec 19, 2019.
             Was a High Priest of Trog.
             Slain by a 19-headed hydra (7 damage)
             ... on level 4 of the Lair of Beasts.
             The game lasted 00:18:10 (15542 turns).

Fang the Fighter (Gargoyle Fighter)                Turns: 15542, Time: 00:18:10

Health: -5/130     AC: 37    Str: 33      XL:     13   Next: 46%
Magic:  13/13      EV:  6    Int:  9      God:    Trog [*****.]
Gold:   1261       SH: 20    Dex:  7 (9)  Spells: 12/12 levels left

rFire    . . .     SeeInvis .   D - +2 war axe (venom)
rCold    . . .     Gourm    +   B - +0 large shield
rNeg     + . .     Faith    .   b - +1 plate armour
rPois    ∞         Spirit   .   g - +2 helmet
rElec    +         Reflect  .   (no cloak)
rCorr    +         Harm     .   q - +2 pair of gloves {Str+3}
MR       +....                  p - +2 pair of boots
Stlth    ..........             o - amulet of the gourmand
HPRegen  0.31/turn              m - ring of resist corrosion
MPRegen  0.13/turn              y - ring of protection from magic

@: berserking (expiring), very quick
A: deterioration 1, negative energy resistance 1, electricity resistance,
unbreathing, petrification resistance, rot immunity, AC +9
a: Berserk, Trog's Hand, Brothers in Arms, Renounce Religion


You were on level 4 of the Lair of Beasts.
You worshipped Trog.
Trog was extremely pleased with you.
You were very full.

You visited 3 branches of the dungeon, and saw 18 of its levels.
You also visited: Ossuary.

You collected 1261 gold pieces.

Inventory:

Hand Weapons
 a - a +1 antimagic war axe
 D - a +2 war axe of venom (weapon)
Armour
 b - a +1 plate armour (worn)
 g - a +2 helmet (worn)
 p - a +2 pair of boots (worn)
 q - a +2 pair of gloves of strength (worn)
 B - a +0 large shield (worn)
Jewellery
 m - a ring of resist corrosion (left hand)
 o - an amulet of the gourmand (around neck)
 y - a ring of protection from magic (right hand)
Wands
 f - a wand of disintegration (17)
 n - a wand of scattershot (10)
 t - a wand of digging (6)
 z - a wand of paralysis (9)
 C - a wand of random effects (6)
 G - a wand of enslavement (9)
 H - a wand of polymorph (7)
 J - a wand of iceblast (12)
Scrolls
 e - 10 scrolls of remove curse
 i - 7 scrolls of teleportation
 u - 2 scrolls of blinking
 v - 2 scrolls of fear
 E - a scroll of fog
 F - a scroll of identify
 I - a scroll of magic mapping {unknown}
 K - a scroll of enchant weapon {unknown}
Potions
 d - 5 potions of might
 h - 3 potions of ambrosia
 j - 3 potions of resistance
 k - 3 potions of curing
 l - 4 potions of heal wounds
 r - 2 potions of berserk rage
 s - a potion of mutation
 w - 6 potions of flight
 x - a potion of invisibility
Comestibles
 c - 38 rations
 L - 4 chunks of flesh


   Skills:
 + Level 12.6 Fighting
 + Level 10.6 Axes
 + Level 12.6 Armour
 + Level 12.6 Shields


You had 12 spell levels left.
You didn't know any spells.
Your spell library was empty.

Dungeon Overview and Level Annotations

Branches:
Dungeon (13/15)            Temple (1/1) D:5            Lair (4/6) D:11
 Shoals (0/4) Lair:2        Snake (0/4) Lair:2          Orc (0/2) D:12
Ossuary (visited)
 Vaults: D:13-14

Altars:
Ashenzari
Cheibriados
Dithmenos
Elyvilon
Fedhas
Gozag
Hepliaklqana
Kikubaaqudgha
Makhleb
Nemelex Xobeh
Okawaru
Qazlal
Ru
Sif Muna
Trog
Uskayaw
Vehumet
Wu Jian
Xom
Yredelemnul
Zin
The Shining One
Beogh
Jiyva

Shops:
D:7 [

Annotations:
D:5 Blork the orc
D:8 2 transporters
D:12 2 transporters, 1 runed translucent door, Xaomuej's ghost, journeyman DgCj
Lair:1 2 runed translucent doors, Aeroq's ghost, journeyman DrCj
Lair:3 3 runed translucent doors, Dikli's ghost, journeyman MiBe


Innate Abilities, Weirdness & Mutations

You are resistant to torment.
Your stone body is resilient. (AC +9)
You are immune to poison.
You resist negative energy. (rN+)
You are resistant to electric shocks. (rElec)
You can survive without breathing.
You are immune to petrification.
You are immune to rotting.
Your body sometimes deteriorates upon taking damage.


Message History

You block the 20-headed hydra's attack. x2
The 20-headed hydra bites you but does no damage. x2
You block the 20-headed hydra's attack.
The 20-headed hydra bites you but does no damage. x2
You block the 20-headed hydra's attack. The 20-headed hydra bites you.
* * * LOW HITPOINT WARNING * * *
The 20-headed hydra bites you but does no damage. x5
The 20-headed hydra completely misses you.
The 20-headed hydra bites you but does no damage. x3
You block the 20-headed hydra's attack. The 20-headed hydra barely misses you.
You chop one of the 20-headed hydra's heads off!
You slice the 19-headed hydra!!
The 19-headed hydra is heavily wounded.
The 19-headed hydra bites you but does no damage.
You block the 19-headed hydra's attack.
The 19-headed hydra bites you but does no damage.
You block the 19-headed hydra's attack. x2
The 19-headed hydra bites you but does no damage.
You block the 19-headed hydra's attack. The 19-headed hydra bites you!
You die...

#P......#^...##.....#.
........##............P
.#......##...........##
.........#....#......#
..#..................#
##......####.#.......#
#.......######.......#
#P....................
.........@............
.....[....D......
.................
.................
####..##...#...>. #...
#..+#.##.. #... #... .
. .# ....


PP You could see a 19-headed hydra.

Vanquished Creatures
  Fannar (Lair:2)
  Harold (D:10)
  2 hydras
  A two-headed ogre (D:9)
  An orc high priest (D:12)
  An unseen horror (D:12)
  2 orc knights (D:12)
  An ugly thing (D:11)
  An orc sorcerer (D:12)
  An elephant (Lair:2)
  A merfolk siren (Lair:2)
  2 black mambas
  2 guardian serpents (D:10)
  Joseph (D:7)
  7 spiny frogs
  2 komodo dragons (Lair:2)
  3 polar bears
  4 trolls
  Prince Ribbit (D:7)
  A hornet (D:11)
  5 blink frogs (Lair:2)
  6 slime creatures
  4 hippogriffs
  15 yaks
  2 basilisks
  2 hungry ghosts
  2 nagas (Lair:2)
  11 water moccasins
  9 porcupines
  2 black bears (D:11)
  A hornet zombie (Ossuary)
  5 orc warriors
  A phantom (D:6)
  A sky beast (D:7)
  3 ice beasts
  3 eyes of draining
  9 wolves
  4 necrophages
  5 ogres
  4 centaurs
  9 crocodiles
  2 big kobolds (D:11)
  16 bullfrogs
  2 gnoll sergeants
  A water moccasin zombie (Ossuary)
  2 wyvern zombies (Ossuary)
  A wyvern skeleton (D:9)
  2 scorpions
  6 killer bees (D:9)
  15 wights
  2 electric eels
  4 howler monkeys
  A bullfrog zombie (Ossuary)
  3 centaur zombies
  2 hounds
  2 quasits
  6 crimson imps
  8 jellies
  3 orc priests
  9 orc wizards
  2 bullfrog skeletons
  Jessica (D:2)
  5 iguanas
  Ijyb (D:3)
  18 mummies
  6 worker ants
  Terence (D:3)
  A killer bee zombie (Ossuary)
  A worker ant zombie (Ossuary)
  8 gnolls
  11 adders
  An ooze (D:2)
  3 adder skeletons
  2 adder zombies (Ossuary)
  3 worms
  2 dart slugs
  5 leopard geckos
  30 orcs
  6 bats
  7 giant cockroaches
  10 goblins
  8 hobgoblins
  8 jackals
  7 quokkas
  2 ball pythons
  2 frilled lizards
  A jackal zombie (Ossuary)
  19 kobolds
  A quokka zombie (Ossuary)
  10 rats
  2 bushes (D:10)
  2 fungi
  5 plants
  A withered plant (D:10)
418 creatures vanquished.

Vanquished Creatures (others)
  A bat (D:3)
  12 bushes (D:10)
  7 plants
20 creatures vanquished.

Grand Total: 438 creatures vanquished

Notes
Turn   | Place    | Note
-------+----------+-------------------------------------------
     0 | D:1      | Fang the Gargoyle Fighter began the quest for the Orb.
     0 | D:1      | Reached XP level 1. HP: 14/14 MP: 1/1
    92 | D:1      | Reached XP level 2. HP: 17/19 MP: 2/2
   131 | D:1      | You fall into a shaft and drop 1 floor!
   150 | D:2      | Reached XP level 3. HP: 18/24 MP: 3/3
   398 | D:2      | Found a hazy altar of Hepliaklqana.
   468 | D:2      | Noticed Jessica
   472 | D:2      | Killed Jessica
   472 | D:2      | Reached XP level 4. HP: 29/29 MP: 4/4
  1243 | D:3      | Noticed Terence
  1243 | D:3      | Noticed Ijyb
  1252 | D:3      | Killed Ijyb
  1252 | D:3      | Reached XP level 5. HP: 13/33 MP: 5/5
  1261 | D:3      | Killed Terence
  2121 | D:4      | Noticed an ogre
  2129 | D:4      | Killed an ogre
  2129 | D:4      | Reached XP level 6. HP: 39/39 MP: 6/6
  2225 | D:4      | Found an opulent altar of Gozag.
  2492 | D:4      | Reached skill level 5 in Fighting
  2492 | D:4      | Reached skill level 5 in Armour
  2540 | D:4      | Reached skill level 5 in Shields
  2540 | D:4      | Reached XP level 7. HP: 27/44 MP: 7/7
  2801 | D:5      | Entered Level 5 of the Dungeon
  2984 | D:5      | Found a shadowy altar of Dithmenos.
  2997 | D:5      | Found an iron altar of Okawaru.
  3073 | D:5      | Found a staircase to the Ecumenical Temple.
  3088 | Temple   | Entered the Ecumenical Temple
  3214 | Temple   | Became a worshipper of Trog the Wrathful
  3278 | D:5      | Noticed Blork the orc
  3291 | D:5      | Found a shimmering blue altar of Sif Muna.
  3482 | D:5      | Reached XP level 8. HP: 49/51 MP: 8/8
  3560 | D:5      | Found a snail-covered altar of Cheibriados.
  4192 | D:6      | Found an opulent altar of Gozag.
  4381 | D:7      | Noticed Prince Ribbit
  4739 | D:7      | Found Feexkiga's Antique Armour Shoppe.
  4784 | D:7      | Reached skill level 5 in Axes
  4796 | D:7      | Found a sand-covered staircase.
  4851 | Ossuary  | Entered an ossuary
  4879 | Ossuary  | Reached XP level 9. HP: 37/56 MP: 9/9
  4885 | Ossuary  | Reached * piety under Trog
  5458 | D:7      | Noticed Joseph
  5499 | D:7      | Killed Joseph
  5575 | D:7      | Reached ** piety under Trog
  6237 | D:7      | Killed Prince Ribbit
  6559 | D:8      | Reached XP level 10. HP: 64/64 MP: 10/10
  6569 | D:8      | Identified the +8 scale mail of a volcano {rElec rC+}
  6600 | D:8      | Found a transporter.
  6667 | D:8      | Found a sparkling altar of Nemelex Xobeh.
  6750 | D:8      | Found a transporter.
  7046 | D:8      | Identified the ring of Hard Scrabble {Wiz rF- Str+8}
  7639 | D:9      | Noticed a two-headed ogre
  7658 | D:9      | Killed a two-headed ogre
  8092 | D:9      | Reached *** piety under Trog
  8377 | D:9      | Reached XP level 11. HP: 71/71 MP: 11/11
  8472 | D:10     | Entered Level 10 of the Dungeon
  8962 | D:10     | Reached skill level 10 in Fighting
  8965 | D:10     | Reached skill level 10 in Armour
  8968 | D:10     | Noticed Harold
  8969 | D:10     | Reached skill level 10 in Shields
  8998 | D:10     | Killed Harold
  9458 | D:10     | Reached **** piety under Trog
 10031 | D:11     | Found a viscous altar of Jiyva.
 10074 | D:11     | Found a staircase to the Lair.
 10337 | D:11     | Noticed a white ugly thing
 10353 | D:11     | Killed a white ugly thing
 10990 | D:12     | Noticed Xaomuej's ghost (journeyman DgCj)
 11002 | D:12     | Found a transporter.
 11006 | D:12     | Found a transporter.
 11049 | D:12     | Noticed a sixfirhy
 11050 | D:12     | Found a runed translucent door.
 11241 | D:12     | Reached XP level 12. HP: 79/79 MP: 12/12
 11635 | D:12     | Found a runed translucent door.
 11662 | D:12     | Found a staircase to the Orcish Mines.
 11775 | D:12     | Noticed an orc high priest
 11794 | D:12     | Noticed a soul eater
 11801 | D:12     | Gained mutation: Your body sometimes deteriorates upon
                  | taking damage. [a neqoxec]
 11812 | D:12     | Killed an orc high priest
 11812 | D:12     | Reached ***** piety under Trog
 12024 | D:12     | Found a roughly hewn altar of Beogh.
 12145 | Lair:1   | Entered Level 1 of the Lair of Beasts
 12306 | Lair:1   | Found a large runed translucent door.
 12308 | Lair:1   | Found a large runed translucent door.
 12308 | Lair:1   | Noticed Aeroq's ghost (journeyman DrCj)
 12936 | Lair:2   | Noticed Fannar
 12953 | Lair:2   | Killed Fannar
 13004 | Lair:2   | Found a staircase to the Snake Pit.
 13503 | Lair:2   | Found a staircase to the Shoals.
 13637 | Lair:2   | Reached skill level 10 in Axes
 13878 | Lair:2   | Reached XP level 13. HP: 86/86 MP: 13/13
 14466 | Lair:3   | Noticed a minotaur
 14466 | Lair:3   | Noticed Dikli's ghost (journeyman MiBe)
 14518 | Lair:3   | Received a gift from Trog
 14607 | Lair:3   | Found a runed translucent gate.
 14607 | Lair:3   | Found a runed translucent gate.
 14608 | Lair:3   | Found a runed translucent gate.
 15278 | Lair:4   | Received a gift from Trog
 15540 | Lair:4   | HP: 3/130 [20-headed hydra (5)]
 15542 | Lair:4   | Slain by a 19-headed hydra

Levels and vault maps discovered:
D:1:      dpeg_arrival_subterranean_lakeside_camping, layout_basic
D:2:      layout_loops_ring, overflow_temple_1_default, uniq_jessica
D:3:      layout_basic, chequers_decorated_corner, uniq_terence, uniq_ijyb
D:4:      layout_rooms, first_ration, nicolae_gozag_seed_capital
D:5:      layout_cave_pods, tgw_sif, chequers_temple_overflow_statue_of_worship,
          minmay_temple_entry_mini_moons, lemuel_altar_in_water
D:6:      layout_basic, lemuel_round_altar, serial_corexii_hall,
          corexii_hall_statues_l, corexii_hall_statues_u
D:7:      layout_basic, enter_ossuary_3, serial_shops,
          nicolae_shop_overgrown_old_shop, grunt_ogre_cave, grunt_ministairs_13,
          uniq_prince_ribbit1, uniq_joseph
D:8:      layout_loops_corners, nemelex_xobeh_ov_fountains_minmay,
          gammafunk_ghost_gnarly_gnolls, serial_park_tiny_pond
D:9:      layout_roguey
D:10:     nrook_guardian_serpent_snake_passage, layout_rooms, serial_undead,
          serial_undead_c, serial_undead_e, serial_undead_e, serial_undead_b,
          minmay_hedge_maze, uniq_harold
D:11:     layout_cave_pods, grunt_lair_entry_orc_guard_hut, jiyva_altar_1
D:12:     cheibrodos_shockbox, layout_long_grid, orc_0_dummy,
          gammafunk_ghost_hive, lightli_church_of_beogh
D:13:     layout_basic, grunt_qazlal_clouds
Temple:   nicolae_temple_elliptical
Lair:1:   layout_roguey, ebering_ghost_disaster_area
Lair:2:   layout_regular_city, elwin_shoals_entry_rooms,
          guppyfry_snake_entry_island, minmay_shattered_shrine,
          grunt_megastairs_3, uniq_fannar
Lair:3:   layout_roguey, maelrawn_ghost_gauntlet_escape, serial_bayou_crossing
Lair:4:   layout_regular_city, beast_lair_carwin_7, serial_bayou_shore_a,
          serial_bayou_shore_b

Skill      XL: |  1  2  3  4  5  6  7  8  9 10 11 12 |
---------------+-------------------------------------+-----
Axes           | 2 3 4 5 6 7 9 10 | 10.6
Fighting       | 4 5 6 8 9 10 12 | 12.6
Armour         | 4 5 6 8 9 10 12 | 12.6
Shields        | 4 5 6 8 9 10 12 | 12.6

Action                   |  1- 3 |  4- 6 |  7- 9 | 10-12 | 13-15 || total
-------------------------+-------+-------+-------+-------+-------++-------
Melee: War axe           |    82 |   231 |   521 |   990 |   193 ||  2017
Invok: Berserk           |       |       |       |     9 |     3 ||    12
Evoke: Wand              |       |       |     1 |       |       ||     1
  Use: Scroll            |       |     5 |     8 |    16 |       ||    29
       Potion            |       |     1 |       |     1 |       ||     2
  Eat: Chunk             |       |     6 |    24 |    46 |     7 ||    83
       Ration            |       |       |     1 |       |       ||     1
Armor: Scale mail        |    57 |   112 |       |       |       ||   169
       Chain mail        |       |    51 |   272 |       |       ||   323
       Plate armour      |       |       |    21 |   641 |   254 ||   916
Dodge: Dodged            |    29 |    89 |    86 |   144 |    58 ||   406
Block: Shield            |    46 |   150 |    55 |       |       ||   251
       Large shield      |       |       |   390 |  1049 |   290 ||  1729
